 Dungeon Crawl Stone Soup version 0.18.1-6-gd335043 (webtiles) character file.

597 Chiseanne the Sneak (level 7, -11/33 HPs)
             Began as a Spriggan Hunter on May 20, 2016.
             Shot with an arrow by a centaur (17 damage)
             ... on level 5 of the Dungeon.
             The game lasted 00:06:46 (2005 turns).

Chiseanne the Sneak (Spriggan Hunter)               Turns: 2005, Time: 00:06:46

Health: -11/33     AC:  2    Str:  7 (8)  XL:     7   Next: 17%
Magic:  8/8        EV: 22    Int: 10 (13) God:
Gold:   112        SH:  0    Dex: 15 (18) Spells: 0 memorised, 6 levels left

rFire  . . .     SeeInvis +     w - +1 hand crossbow
rCold  . . .     Gourm    .     c - +0 robe
rNeg   . . .     Faith    .     (shield restricted)
rPois  .         Spirit   .     (helmet restricted)
rElec  .         Dismiss  .     (no cloak)
rCorr  .         Reflect  .     (gloves unavailable)
SustAt .         Harm     .     (boots unavailable)
MR     +....                    (no amulet)
Stlth  ++........               (no ring)
                                (no ring)

@: glowing, very quick, somewhat resistant to hostile enchantments, unstealthy
A: unfitting armour, see invisible, herbivore 3, speed 3, slow metabolism 2
a: no special abilities


You were on level 5 of the Dungeon.
You were not hungry.

You visited 2 branches of the dungeon, and saw 6 of its levels.

You collected 112 gold pieces.

Inventory:

Hand Weapons
 a - a +0 short sword
 w - a +1 hand crossbow (weapon)
Missiles
 b - 26 sling bullets
 d - 6 bolts (quivered)
 e - 110 stones
 k - 24 arrows
Armour
 c - a +0 robe (worn)
Potions
 h - a potion of invisibility
 o - a potion of flight
Comestibles
 f - 3 bread rations
 l - a royal jelly


   Skills:
 - Level 1.5 Fighting
 + Level 3.4 Short Blades
 - Level 4.0 Crossbows
 * Level 7.5 Dodging
 * Level 7.8 Stealth


You had 6 spell levels left.
You didn't know any spells.

Dungeon Overview and Level Annotations

Branches:
Dungeon (5/15)             Temple (1/1) D:4

Altars:
Dithmenos
Elyvilon
Nemelex Xobeh
Qazlal
Sif Muna
Xom
Zin

Shops:
D:5 [

Annotations:
D:4 Grinder
D:5 Sigmund


Innate Abilities, Weirdness & Mutations

You are tiny and cannot use many weapons and most armour.
You have supernaturally acute eyesight.
You are a herbivore.
You cover ground extremely quickly.
You need consume almost no food.


Message History

Firing (i - inventory. (,) - cycle):
d - 8 bolts (quivered)
Press: ? - help, Shift-Dir - straight line, f/p - Sigmund
Aim: Sigmund, wielding a scythe and wearing a runed robe (lightly wounded, unusually strong, haloed)
You shoot a bolt. The bolt hits Sigmund.
Sigmund is lightly wounded.
The centaur shoots an arrow.
The arrow misses you.
The centaur shoots an arrow.
The arrow barely misses you.
Sigmund gestures wildly while chanting.
Sigmund flickers and vanishes for a moment.
Firing (i - inventory. (,) - cycle):
d - 7 bolts (quivered)
Press: ? - help, Shift-Dir - straight line, f/p - Sigmund
Aim: Sigmund, wielding a scythe and wearing a runed robe (lightly wounded, unusually strong, slightly transparent, haloed)
You shoot a bolt. The bolt closely misses Sigmund.
The centaur zaps a wand.
You are blasted!
Ouch! That really hurt!
* * * LOW HITPOINT WARNING * * *
It is a wand of disintegration.
Sigmund closely misses you.
The centaur shoots an arrow.
The arrow hits you!
Ouch! That really hurt!
You die...

........Z.....#####....
...(.(#####...........
#....#...#...###.....
#..._#...#_..# #.....
#..#.A.#...# #.....
#.(#####...########
#.@c............
#.##.......#......
#...@.#(#.##....%.
#####.#.#.##......
#...#.# ...... ##..#.#
..... #####..#.. .###
#......#### #.........#
####..>##.# ......#.# #


You could see an angel (confused), Sigmund (invisible) and a centaur.

Vanquished Creatures
  A sky beast (D:5)
  2 ogres (D:4)
  A scorpion (D:5)
  A howler monkey (D:4)
  A giant frog zombie (D:5)
  2 centaur skeletons
  A jelly (D:5)
  An orc priest (D:4)
  An orc wizard (D:4)
  A worker ant (D:5)
  4 adders
  An orc (D:4)
  4 giant cockroaches
  2 goblins (D:2)
  2 hobgoblins
  2 jackals (D:5)
  2 quokkas (D:3)
  A giant gecko skeleton (D:4)
  A giant newt (D:4)
  A quokka skeleton (D:5)
  A rat (D:2)
33 creatures vanquished.

Notes
Turn   | Place    | Note
--------------------------------------------------------------
     0 | D:1      | Chiseanne the Spriggan Hunter began the quest for the Orb.
     0 | D:1      | Reached XP level 1. HP: 10/10 MP: 2/2
   111 | D:2      | Reached XP level 2. HP: 14/14 MP: 3/3
   113 | D:2      | Reached skill level 1 in Short Blades
   186 | D:2      | Reached XP level 3. HP: 17/18 MP: 4/4
   698 | D:3      | Reached XP level 4. HP: 22/22 MP: 5/5
   738 | D:4      | Noticed an ogre
   763 | D:4      | Killed an ogre
   763 | D:4      | Reached skill level 5 in Dodging
   763 | D:4      | Reached skill level 5 in Stealth
   763 | D:4      | Reached XP level 5. HP: 25/25 MP: 6/6
   796 | D:4      | Found a staircase to the Ecumenical Temple.
   899 | D:4      | Noticed an ogre
   989 | Temple   | Entered the Ecumenical Temple
  1117 | D:4      | Noticed Grinder
  1165 | D:4      | Killed an ogre
  1165 | D:4      | Reached XP level 6. HP: 30/30 MP: 7/7
  1205 | D:5      | Entered Level 5 of the Dungeon
  1421 | D:5      | Noticed a sky beast
  1456 | D:5      | Killed a sky beast
  1456 | D:5      | Reached XP level 7. HP: 19/33 MP: 8/8
  1677 | D:5      | Found Gaetz's Antique Armour Emporium.
  1681 | D:5      | Noticed Sigmund
  1751 | D:5      | Found a shimmering altar of Xom.
  1751 | D:5      | Found a glowing silver altar of Zin.
  1751 | D:5      | Noticed an angel
  2005 | D:5      | Shot with an arrow by a centaur

Skill      XL: |  1  2  3  4  5  6 |
---------------+-------------------+-----
Stealth        | 2 3 5 6 7 |  7.8
Short Blades   | 1 2 3 |  3.4
Dodging        | 4 5 6 7 |  7.5
Fighting       | |  1.5
Crossbows      | |  4.0

Action                   |  1- 3 |  4- 6 |  7- 9 || total
-------------------------+-------+-------+-------++-------
Melee: Short sword       |    22 |     5 |    44 ||    71
 Fire: Hand crossbow     |    14 |    61 |    17 ||    92
  Use: Potion            |       |     6 |       ||     6
       Scroll            |       |     3 |       ||     3
 Stab: Sleeping          |     3 |     4 |       ||     7
Armor: Robe              |       |       |     5 ||     5
Dodge: Dodged            |    16 |    15 |    63 ||    94
